 Dungeon Crawl Stone Soup version 0.30-a0-799-g109b55a442 (webtiles) character file.

Game seed: 16926903891232048354

153 bande the Covered (level 5, -6/33 HPs)
             Began as a Gargoyle Fighter on Feb 21, 2023.
             Mangled by Sigmund
             ... wielding a +0 scythe
              (7 damage)
             ... on level 3 of the Dungeon.
             The game lasted 00:02:56 (1887 turns).

bande the Covered (Gargoyle Fighter)                Turns: 1887, Time: 00:02:57

Health: -6/33      AC: 13    Str: 19    XL:     5   Next: 35%
Magic:  5/5        EV:  7    Int:  9    God:
Gold:   150        SH:  0    Dex: 11    Spells: 4/4 levels left

rFire   . . .      SeeInvis .    a - +0 war axe
rCold   . . .      Faith    .    c - +0 buckler
rNeg    + . .      Spirit   .    o - +0 chain mail
rPois   ∞          Reflect  .    (no helmet)
rElec   +          Harm     .    (no cloak)
rCorr   .          Rampage  .    (no gloves)
Will    .....                    (no boots) Stlth
                                 (no amulet)
HPRegen 0.25/turn                (no ring)
MPRegen 0.09/turn                (no ring)

@: confused, mighty
A: sickness immunity, AC +4, negative energy resistance 1, electricity
resistance, torment resistance 1, petrification resistance
a: no special abilities


You were on level 3 of the Dungeon.
You visited 1 branch of the dungeon, and saw 3 of its levels.

You collected 150 gold pieces.

Inventory:

Hand Weapons
 a - a +0 war axe (weapon)
Armour
 c - a +0 buckler (worn)
 o - a +0 chain mail (worn)
Scrolls
 e - 2 scrolls of teleportation {unknown}
 h - a scroll of vulnerability {unknown}
 k - a scroll of poison {unknown}
 l - 2 scrolls of identify {unknown}
Potions
 f - a potion of cancellation {unknown}
 g - 3 potions of curing {unknown}
 i - a potion of heal wounds {unknown}
 j - a potion of attraction {unknown}
 m - 2 potions of degeneration {unknown}
 n - a potion of flight {unknown}


   Skills:
 + Level 4.0 Fighting
 + Level 3.5(3.6) Axes
 - Level 0.4(2.4) Maces & Flails
 + Level 4.0 Armour
 + Level 3.9 Shields


You had 4 spell levels left.
You didn't know any spells.
Your spell library was empty.

Dungeon Overview and Level Annotations

Branches:
Dungeon (3/15)

Altars:
Xom

Annotations:
D:3 Sigmund


Innate Abilities, Weirdness & Mutations

You are immune to sickness and miasma.
Your stone body is resilient. (AC +4)
You are immune to poison.
You resist negative energy. (rN+)
You are resistant to electric shocks. (rElec)
You are resistant to unholy torment.
You are immune to petrification.


Message History

Sigmund gestures at you while chanting.
You are confused.
You are too confused!
You are too confused!
You are too confused!
You are too confused!
You are too confused!
You are too confused!
You are too confused!
You are too confused!
You are too confused!
You feel very mighty all of a sudden.
Sigmund casts a spell.
Sigmund flickers and vanishes!
Deactivating autopickup; reactivate with Ctrl-A.
You hear a zap.
A puff of flame appears from out of thin air!
The puff of flame hits you.
You're too confused to move!
You hear some strange, mumbled words.
Something tries to affect you, but you resist.
Something hits you but does no damage.
You feel less confused.
You hear a zap.
A puff of flame appears from out of thin air!
The puff of flame hits you! Something hits you.
You miss something.
You hear some strange, mumbled words.
You are confused.
You're too confused to move!
Something hits you!
You closely miss something.
You hear a zap.
A puff of flame appears from out of thin air!
The puff of flame hits you.
* * * LOW HITPOINT WARNING * * *
You miss something. Something hits you!
* * * LOW HITPOINT WARNING * * *
Something hits you!
You die...

. ##.....###..# ..
##.......##..+
#.#.........#)##
#.............#
##..........#
#=.........#
######..........#
#...............#
#......@########..
#.......# ...
#.....{.# ...
#.......#
#########


There were no monsters in sight!

Vanquished Creatures
  Natasha (thrice) (D:2)
  2 adders (D:2)
  A worm (D:2)
  2 dart slugs (D:1)
  An orc (D:3)
  9 ball pythons
  2 endoplasms (D:2)
  3 giant cockroaches
  8 goblins
  4 hobgoblins
  5 kobolds
  6 bats
  3 frilled lizards
  5 rats (D:1)
54 creatures vanquished.

Notes
Turn   | Place    | Note
-------+----------+-------------------------------------------
     0 | D:1      | bande the Gargoyle Fighter began the quest for the Orb.
     0 | D:1      | Reached XP level 1. HP: 14/14 MP: 1/1
    75 | D:1      | Reached XP level 2. HP: 19/19 MP: 2/2
   119 | D:1      | Found a faded altar of an unknown god.
   364 | D:1      | Reached XP level 3. HP: 23/23 MP: 3/3
   813 | D:2      | Found a shimmering altar of Xom.
   922 | D:2      | Reached XP level 4. HP: 27/29 MP: 4/4
  1128 | D:2      | Noticed Natasha
  1134 | D:2      | Killed Natasha
  1611 | D:2      | Noticed Natasha
  1615 | D:2      | Killed Natasha
  1616 | D:2      | Reached XP level 5. HP: 33/33 MP: 5/5
  1626 | D:2      | Noticed Natasha
  1632 | D:2      | Killed Natasha
  1872 | D:3      | Noticed Sigmund
  1886 | D:3      | HP: 1/33 [something (8)]
  1887 | D:3      | Mangled by Sigmund

Illustrated notes

Levels and vault maps discovered:
D:1:      ncdulo_wetmaze, layout_loops_cross,
          dreamdust_ecumenical_altar_statues,
          nicolae_concentric_dashed_squares_mild
D:2:      layout_basic, basic_altar, uniq_natasha
D:3:      layout_basic, grunt_decor_arrowhead, nicolae_underground_beach,
          uniq_sigmund

Skill      XL: |  1  2  3  4  5 |
---------------+----------------+-----
Axes           | 2 3 |  3.5
Fighting       | 4 |  4.0
Armour         | 4 |  4.0
Maces & Flails | |  0.4
Shields        | |  3.9

Action                     |  1- 3 |  4- 6 || total
---------------------------+-------+-------++-------
  Melee: War axe           |   108 |    41 ||   149
    Use: Potion            |       |     1 ||     1
 Armour: Scale mail        |    69 |    16 ||    85
         Chain mail        |       |     2 ||     2
  Dodge: Dodged            |    52 |    22 ||    74
  Block: Buckler           |    21 |     5 ||    26

Table legend: (Time is in decaauts)
 A = Elapsed time spent in this place.
 B = Non-inter-level travel time spent in this place.
 C = Inter-level travel time spent in this place.
 D = Time resting spent in this place.
 E = Time spent auto-exploring this place.
 F = Levels seen in this place.
 G = Mean time per level.
                   A        B        C        D        E       F      G
               +--------+--------+--------+--------+--------+-----+--------+
         Total |   1957 |   1913 |     44 |     11 |   1348 |   3 |  652.3 |
       Dungeon |   1957 |   1913 |     44 |     11 |   1348 |   3 |  652.3 |
               +--------+--------+--------+--------+--------+-----+--------+

Top non-repeatable levels by time:
     D:2: 944 daAuts
     D:1: 777 daAuts
     D:3: 235 daAuts
